General information
- name: BNet
- type: Ladder team game (AT/RT)
- host: Battle.net
- saver: ChillOutMan
map: TwilightRuins
- players: 8
- length: 28:09
- speed: Fast
- version: 1.28 W3XP
- replay type: Public
» download(256 KB)
Players
team 1 (winner)

»
Canada.Eh (
purple | 51 APM | 1444 actions | 28:09)
7 Death Knight
3 Death Coil
3 Unholy Aura
1 Animate Dead
6 Pit Lord
2 Howl of Terror
3 Cleaving Attack
1 Doom
» actions
| Assign group hotkey | 31 | |
| Basic commands | 142 | |
| Build / train | 74 | |
| ESC pressed | 8 | |
| Enter build submenu | 30 | |
| Enter hero's abilities submenu | 13 | |
| Give item / drop item | 4 | |
| Right click | 304 | |
| Select / deselect | 222 | |
| Select group hotkey | 511 | |
| Use ability | 105 | |
1444 total
» units
| Acolyte | 13 | |
| Ghoul | 1 | |
| Crypt Fiend | 14 | |
| Goblin Shredder | 1 | |
| Frost Wyrm | 5 | |
34 total
» upgrades
| Creature Carapace | 3 | |
| Creature Attack | 3 | |
| Web | 1 | |
| Freezing Breath | 1 | |
8 total
» buildings
| Crypt | 1 | |
| Ziggurat | 16 | |
| Graveyard | 1 | |
| Altar of Darkness | 1 | |
| Tomb of Relics | 1 | |
| Necropolis | 2 | |
| Halls of the Dead | 1 | |
| Black Citadel | 1 | |
| Sacrificial Pit | 1 | |
| Boneyard | 2 | |
| Spirit Tower | 2 | |
29 total
» build order
00:24 Crypt
00:31 Ziggurat
00:40 Graveyard
01:02 Altar of Darkness
01:20 Tomb of Relics
01:44 Ziggurat
04:45 Necropolis
06:27 Halls of the Dead
07:29 Ziggurat
07:48 Ziggurat
07:52 Ziggurat
08:04 Ziggurat
08:09 Ziggurat
08:11 Ziggurat
08:49 Black Citadel
10:12 Sacrificial Pit
11:28 Boneyard
11:32 Boneyard
13:20 Spirit Tower
13:43 Ziggurat
13:48 Ziggurat
13:51 Ziggurat
13:55 Ziggurat
13:57 Spirit Tower
18:08 Necropolis
19:13 Ziggurat
19:17 Ziggurat
19:20 Ziggurat
19:24 Ziggurat
» items
| Rod of Necromancy | 1 | |
| Circlet of Nobility | 3 | |
| Scroll of Town Portal | 5 | |
| Periapt of Vitality | 1 | |
| Potion of Lesser Invulnerability | 1 | |
| Orb of Corruption | 2 | |
13 total

»
knoob (
teal | 63 APM | 1787 actions | 28:09)
6 Archmage
2 Summon Water Elemental
1 Brilliance Aura
2 Blizzard
1 Mass Teleport
6 Mountain King
3 Storm Bolt
2 Thunder Clap
1 Avatar
» actions
| Assign group hotkey | 29 | |
| Basic commands | 178 | |
| Build / train | 81 | |
| Enter build submenu | 25 | |
| Enter hero's abilities submenu | 12 | |
| Give item / drop item | 3 | |
| Right click | 556 | |
| Select / deselect | 351 | |
| Select group hotkey | 464 | |
| Use ability | 88 | |
1787 total
» units
| Peasant | 15 | |
| Footman | 8 | |
| Gryphon Rider | 11 | |
| Siege Engine | 1 | |
35 total
» upgrades
| Swords | 3 | |
| Armor | 3 | |
| Lumber Harvesting | 2 | |
| Animal War Training | 1 | |
| Storm Hammers | 1 | |
| Barrage | 1 | |
11 total
» buildings
| Farm | 13 | |
| Altar of Kings | 1 | |
| Barracks | 1 | |
| Arcane Vault | 1 | |
| Town Hall | 3 | |
| Keep | 1 | |
| Lumber Mill | 1 | |
| Blacksmith | 1 | |
| Castle | 1 | |
| Scout Tower | 3 | |
| Gryphon Aviary | 3 | |
| Arcane Tower | 1 | |
| Guard Tower | 1 | |
| Workshop | 2 | |
33 total
» build order
00:20 Farm
00:22 Farm
00:36 Altar of Kings
01:12 Barracks
01:34 Farm
01:36 Farm
02:38 Arcane Vault
04:17 Town Hall
05:15 Keep
05:35 Lumber Mill
05:39 Farm
06:10 Blacksmith
07:38 Castle
09:04 Scout Tower
09:08 Scout Tower
09:14 Scout Tower
09:40 Gryphon Aviary
09:42 Gryphon Aviary
09:44 Gryphon Aviary
10:03 Arcane Tower
10:04 Guard Tower
10:37 Farm
10:38 Farm
10:39 Farm
10:40 Farm
10:40 Farm
10:45 Farm
10:47 Farm
14:04 Farm
24:50 Workshop
24:53 Workshop
27:16 Town Hall
27:47 Town Hall
» items
| Scroll of Regeneration | 6 | |
| Potion of Lesser Invulnerability | 2 | |
| Potion of Healing | 3 | |
| Lesser Clarity Potion | 1 | |
| Scroll of Town Portal | 5 | |
17 total

»
randomlyrandom4 (
blue | 45 APM | 1255 actions | 28:09)
5 Priestess of the Moon
2 Trueshot Aura
2 Searing Arrows
1 Starfall
2 Paladin
2 Devotion Aura
» actions
| Assign group hotkey | 22 | |
| Build / train | 137 | |
| Enter build submenu | 31 | |
| Enter hero's abilities submenu | 7 | |
| Give item / drop item | 1 | |
| Remove unit from queue | 2 | |
| Right click | 471 | |
| Select / deselect | 397 | |
| Select group hotkey | 132 | |
| Use ability | 55 | |
1255 total
» units
| Wisp | 24 | |
| Archer | 7 | |
| Huntress | 3 | |
| Rifleman | 2 | |
| Hippogryph | 22 | |
| Chimaera | 11 | |
| Siege Engine | 17 | |
| Peasant | 4 | |
90 total
» upgrades
| Ultravision | 1 | |
| Gunpowder | 3 | |
| Masonry | 1 | |
| Strength of the Wild | 3 | |
| Lumber Harvesting | 2 | |
| Corrosive Breath | 1 | |
| Barrage | 1 | |
| Hippogryph Taming | 1 | |
| Marksmanship | 1 | |
| Reinforced Hides | 3 | |
| Well Spring | 1 | |
| Plating | 1 | |
19 total
» buildings
| Moon Well | 7 | |
| Altar of Elders | 1 | |
| Ancient of War | 1 | |
| Ancient of Wonders | 1 | |
| Hunter's Hall | 1 | |
| Tree of Ages | 1 | |
| Keep | 1 | |
| Guard Tower | 1 | |
| Tree of Eternity | 1 | |
| Ancient of Wind | 2 | |
| Tree of Life | 1 | |
| Ancient Protector | 2 | |
| Farm | 4 | |
| Castle | 1 | |
| Workshop | 2 | |
| Chimaera Roost | 3 | |
30 total
» build order
00:07 Moon Well
00:13 Altar of Elders
01:05 Ancient of War
01:30 Moon Well
01:56 Ancient of Wonders
02:29 Hunter's Hall
02:58 Moon Well
03:59 Tree of Ages
06:22 Keep
06:31 Guard Tower
06:46 Tree of Eternity
06:49 Ancient of Wind
07:13 Tree of Life
07:16 Ancient Protector
07:41 Farm
08:38 Farm
08:53 Castle
08:59 Workshop
09:08 Workshop
09:25 Chimaera Roost
09:27 Chimaera Roost
09:33 Chimaera Roost
10:01 Farm
10:19 Ancient Protector
10:28 Moon Well
10:46 Farm
11:32 Moon Well
19:59 Ancient of Wind
20:02 Moon Well
20:05 Moon Well
» items
| Orb of Venom | 1 | |
| Anti-magic Potion | 1 | |
| Potion of Mana | 1 | |
| Scroll of Town Portal | 4 | |
| Orb of Corruption | 1 | |
| Orb of Fire | 1 | |
| Periapt of Vitality | 1 | |
10 total
Phantom_LIG8 (
red | 28 APM | 143 actions | 05:10)
1 Paladin
1 Divine Shield
» actions
| Build / train | 15 | |
| Enter build submenu | 14 | |
| Enter hero's abilities submenu | 1 | |
| Right click | 47 | |
| Select / deselect | 51 | |
| Use ability | 15 | |
143 total
» units
» buildings
| Altar of Kings | 1 | |
| Farm | 5 | |
| Barracks | 1 | |
| Blacksmith | 1 | |
| Arcane Vault | 1 | |
| Scout Tower | 2 | |
| Arcane Tower | 1 | |
| Lumber Mill | 1 | |
13 total
» build order
00:41 Altar of Kings
01:19 Farm
01:27 Barracks
01:53 Farm
02:10 Farm
02:25 Blacksmith
03:18 Farm
03:50 Arcane Vault
03:55 Scout Tower
04:33 Arcane Tower
04:38 Scout Tower
04:48 Lumber Mill
05:09 Farm
team 2 (loser)

»
1488.HH (
yellow | 153 APM | 4218 actions | 27:38)
7 Goblin Alchemist
3 Acid Bomb
3 Healing Spray
1 Transmute
6 Priestess of the Moon
3 Trueshot Aura
2 Searing Arrows
1 Starfall
6 Keeper of the Grove
3 Entangling Roots
2 Thorns Aura
1 Tranquility
» actions
| Assign group hotkey | 116 | |
| Basic commands | 133 | |
| Build / train | 139 | |
| ESC pressed | 4 | |
| Enter build submenu | 24 | |
| Enter hero's abilities submenu | 19 | |
| Give item / drop item | 8 | |
| Right click | 1455 | |
| Select / deselect | 926 | |
| Select group hotkey | 1266 | |
| Use ability | 128 | |
4218 total
» units
| Wisp | 22 | |
| Archer | 11 | |
| Goblin Shredder | 2 | |
| Druid of the Talon | 9 | |
| Chimaera | 5 | |
| Hippogryph | 11 | |
60 total
» upgrades
| Improved Bows | 1 | |
| Druid of the Talon Training | 2 | |
| Strength of the Moon | 2 | |
| Marksmanship | 1 | |
| Strength of the Wild | 3 | |
| Mark of the Talon | 1 | |
| Corrosive Breath | 1 | |
| Reinforced Hides | 3 | |
| Nature's Blessing | 1 | |
| Ultravision | 1 | |
| Well Spring | 1 | |
17 total
» buildings
| Moon Well | 8 | |
| Ancient of War | 1 | |
| Altar of Elders | 1 | |
| Tree of Life | 5 | |
| Tree of Ages | 2 | |
| Tree of Eternity | 1 | |
| Ancient of Wind | 4 | |
| Hunter's Hall | 1 | |
| Chimaera Roost | 2 | |
25 total
» build order
00:17 Moon Well
00:32 Ancient of War
01:09 Altar of Elders
01:13 Moon Well
02:46 Tree of Life
03:25 Tree of Ages
03:25 Tree of Ages
03:32 Moon Well
05:47 Tree of Eternity
05:48 Ancient of Wind
06:28 Hunter's Hall
08:13 Chimaera Roost
08:19 Chimaera Roost
08:36 Moon Well
09:14 Moon Well
09:26 Moon Well
10:12 Ancient of Wind
12:22 Moon Well
12:22 Moon Well
13:55 Tree of Life
15:00 Ancient of Wind
15:39 Ancient of Wind
19:32 Tree of Life
20:37 Tree of Life
23:05 Tree of Life
» items
| Slippers of Agility +3 | 1 | |
| Gloves of Haste | 1 | |
| Claws of Attack +9 | 1 | |
| Orb of Corruption | 2 | |
| Claws of Attack +6 | 1 | |
| Scroll of Town Portal | 4 | |
| Potion of Lesser Invulnerability | 1 | |
11 total

»
LA_SOLEDAD (
green | 31 APM | 675 actions | 21:59)
5 Blademaster
2 Wind Walk
3 Critical Strike
1 Tauren Chieftain
1 Endurance Aura
» actions
| Assign group hotkey | 2 | |
| Build / train | 61 | |
| Enter build submenu | 26 | |
| Enter hero's abilities submenu | 6 | |
| Remove unit from queue | 2 | |
| Right click | 294 | |
| Select / deselect | 212 | |
| Use ability | 72 | |
675 total
» units
| Peon | 11 | |
| Grunt | 9 | |
| Goblin Shredder | 1 | |
| Tauren | 5 | |
| Troll Batrider | 7 | |
33 total
» upgrades
| Pillage | 1 | |
| Spiked Barricades | 2 | |
| Armor | 2 | |
| Melee Weapons | 1 | |
| Pulverize | 1 | |
7 total
» buildings
| Altar of Storms | 1 | |
| Orc Burrow | 8 | |
| Barracks | 1 | |
| War Mill | 1 | |
| Great Hall | 1 | |
| Watch Tower | 8 | |
| Voodoo Lounge | 1 | |
| Stronghold | 1 | |
| Fortress | 1 | |
| Tauren Totem | 3 | |
| Beastiary | 1 | |
27 total
» build order
00:09 Altar of Storms
00:14 Orc Burrow
00:29 Barracks
01:21 War Mill
01:47 Orc Burrow
03:14 Great Hall
03:22 Watch Tower
03:26 Voodoo Lounge
03:42 Orc Burrow
04:31 Watch Tower
04:54 Watch Tower
06:19 Stronghold
08:55 Fortress
10:11 Watch Tower
10:12 Watch Tower
10:13 Watch Tower
10:14 Watch Tower
10:15 Watch Tower
10:48 Orc Burrow
11:29 Tauren Totem
11:31 Tauren Totem
11:49 Orc Burrow
12:45 Tauren Totem
12:55 Orc Burrow
14:27 Beastiary
15:00 Orc Burrow
15:57 Orc Burrow
» items
| Healing Salve | 2 | |
| Potion of Healing | 2 | |
| Lesser Clarity Potion | 1 | |
| Scroll of Town Portal | 2 | |
7 total
ChillOutMan (
orange | 36 APM | 1027 actions | 28:09)
5 Archmage
3 Blizzard
2 Brilliance Aura
1 Keeper of the Grove
1 Thorns Aura
» actions
| Assign group hotkey | 10 | |
| Basic commands | 25 | |
| Build / train | 30 | |
| Enter build submenu | 68 | |
| Enter hero's abilities submenu | 6 | |
| Right click | 564 | |
| Select / deselect | 148 | |
| Select group hotkey | 31 | |
| Use ability | 145 | |
1027 total
» units
» buildings
| Scout Tower | 9 | |
| Farm | 85 | |
| Arcane Tower | 1 | |
| Altar of Kings | 1 | |
| Great Hall | 1 | |
| War Mill | 1 | |
| Orc Burrow | 2 | |
| Altar of Storms | 1 | |
| Watch Tower | 3 | |
104 total
» build order
00:16 Scout Tower
00:43 Farm
00:46 Farm
00:54 Farm
00:55 Farm
01:03 Arcane Tower
01:16 Farm
01:35 Farm
01:48 Farm
02:14 Farm
02:15 Farm
02:18 Farm
02:19 Farm
02:25 Farm
02:28 Farm
02:31 Farm
02:45 Farm
02:52 Farm
02:53 Farm
04:32 Altar of Kings
06:03 Farm
06:06 Farm
06:08 Farm
06:09 Farm
06:11 Farm
06:12 Farm
06:13 Farm
06:14 Farm
06:15 Farm
06:15 Farm
06:16 Farm
06:17 Farm
06:18 Farm
06:19 Farm
06:20 Farm
06:20 Farm
06:22 Farm
06:22 Farm
06:34 Farm
06:35 Farm
06:44 Farm
06:51 Farm
06:57 Farm
07:00 Farm
07:03 Farm
07:04 Farm
07:05 Farm
07:06 Farm
07:07 Farm
07:09 Farm
07:09 Farm
07:13 Farm
07:14 Farm
07:16 Farm
07:17 Farm
07:20 Farm
07:22 Farm
07:23 Farm
07:23 Farm
07:25 Farm
07:26 Farm
07:27 Farm
07:28 Farm
08:29 Farm
08:30 Farm
08:31 Farm
08:31 Farm
08:33 Farm
08:33 Farm
08:54 Farm
08:55 Farm
08:57 Farm
08:58 Farm
08:59 Farm
10:32 Farm
10:35 Farm
10:37 Farm
10:40 Farm
10:40 Farm
10:42 Farm
10:43 Farm
11:03 Farm
11:08 Farm
11:10 Farm
11:11 Farm
12:22 Farm
12:25 Farm
12:26 Farm
18:25 Scout Tower
18:25 Scout Tower
18:26 Scout Tower
18:26 Scout Tower
18:26 Scout Tower
18:27 Scout Tower
18:28 Scout Tower
18:28 Scout Tower
23:27 Great Hall
23:29 War Mill
23:30 Orc Burrow
23:32 Altar of Storms
24:54 Orc Burrow
24:58 Watch Tower
24:59 Watch Tower
24:59 Watch Tower
» items
| Periapt of Vitality | 1 | |
| Staff of Teleportation | 1 | |
| Boots of Speed | 1 | |
| Potion of Invisibility | 2 | |
| Scroll of Town Portal | 4 | |
9 total
swp51 (
pink | 43 APM | 697 actions | 16:10)
4 Death Knight
2 Death Coil
2 Unholy Aura
» actions
| Assign group hotkey | 22 | |
| Basic commands | 32 | |
| Build / train | 50 | |
| ESC pressed | 1 | |
| Enter build submenu | 17 | |
| Enter hero's abilities submenu | 4 | |
| Give item / drop item | 2 | |
| Right click | 220 | |
| Select / deselect | 182 | |
| Select group hotkey | 122 | |
| Use ability | 45 | |
697 total
» units
| Acolyte | 10 | |
| Ghoul | 4 | |
| Crypt Fiend | 7 | |
| Frost Wyrm | 4 | |
| Gargoyle | 1 | |
26 total
» upgrades
| Creature Attack | 1 | |
| Creature Carapace | 1 | |
| Web | 1 | |
3 total
» buildings
| Altar of Darkness | 1 | |
| Ziggurat | 10 | |
| Crypt | 1 | |
| Graveyard | 2 | |
| Nerubian Tower | 1 | |
| Tomb of Relics | 1 | |
| Spirit Tower | 5 | |
| Halls of the Dead | 2 | |
| Black Citadel | 1 | |
| Sacrificial Pit | 1 | |
| Necropolis | 1 | |
| Boneyard | 2 | |
28 total
» build order
00:09 Altar of Darkness
00:21 Ziggurat
00:37 Crypt
01:31 Graveyard
01:35 Ziggurat
01:42 Graveyard
01:44 Ziggurat
01:49 Nerubian Tower
01:59 Tomb of Relics
03:05 Spirit Tower
05:02 Ziggurat
05:08 Halls of the Dead
05:39 Ziggurat
06:04 Spirit Tower
08:07 Black Citadel
08:11 Sacrificial Pit
08:58 Necropolis
10:36 Boneyard
10:36 Boneyard
12:38 Spirit Tower
12:49 Ziggurat
13:33 Ziggurat
13:34 Ziggurat
13:35 Ziggurat
13:44 Spirit Tower
14:03 Ziggurat
15:16 Spirit Tower
15:39 Halls of the Dead
» items
| Rod of Necromancy | 1 | |
| Gloves of Haste | 1 | |
| Claws of Attack +6 | 1 | |
| Ring of Protection +2 | 1 | |
| Circlet of Nobility | 1 | |
| Scroll of Town Portal | 1 | |
| Scroll of Healing | 1 | |
7 total
Chat log
(00:04 / Allies) 1488.HH: yo
(00:18 / All) Canada.Eh: gl hf
(06:43 / Allies) 1488.HH: ?
(11:21 / Allies) LA_SOLEDAD: wood plz
(11:52 / Allies) LA_SOLEDAD: lumber plz
(12:01 / Allies) 1488.HH: buring a cross
(12:02 / Allies) 1488.HH: nice
(12:11 / Allies) 1488.HH: white power
(12:35 / Allies) 1488.HH: haha
(13:06 / Allies) LA_SOLEDAD: lumber plz
(13:31 / All) ChillOutMan: It's a big giant "T" for time to get out... NIGGER
(13:36 / Allies) 1488.HH: HA
(14:30 / Allies) swp51: b
(14:49 / Allies) LA_SOLEDAD: fuck noob
(15:47 / Allies) LA_SOLEDAD: coming
(15:52 / Allies) LA_SOLEDAD: help men
(16:13 / Allies) 1488.HH: lol
(16:31 / Allies) LA_SOLEDAD: wait me yellow
(17:58 / Allies) LA_SOLEDAD: gop
(18:18 / Allies) LA_SOLEDAD: wait men
(20:44 / Allies) ChillOutMan: I do believe purple mh
(21:25 / All) Canada.Eh: yelo is so bad1
(22:01 / Allies) 1488.HH: wtf
(22:03 / Allies) 1488.HH: dont leave
(22:05 / Allies) 1488.HH: we got this
(22:10 / All) Canada.Eh: lmao
(22:11 / All) Canada.Eh: gg
(22:39 / Allies) 1488.HH: control him
(23:31 / Allies) 1488.HH: help
(25:48 / All) Canada.Eh: gtfo yelo
(25:50 / All) Canada.Eh: ur pathetic
(26:47 / All) Canada.Eh: lmao
(26:49 / All) Canada.Eh: fucking around
(26:50 / All) Canada.Eh: gg
(26:51 / All) Canada.Eh: gtfo
(26:53 / All) Canada.Eh: waste of time yelo
(27:03 / All) Canada.Eh: ty for the easy win yelo
(27:48 / All) ChillOutMan: Landazar never die!
(28:06 / All) ChillOutMan: LANDAZAR NEVER DIE!